Sewer Rats vs Mulligans

Created - December 27, 2017 at 07:57

Goals
1 2 3 T
Sewer Rats 1 1 0 2
Mulligans 1 2 1 4
Shots
1 2 3 T
Sewer Rats 11 9 8 28
Mulligans 8 4 9 21

1st period

1. Mulligans , Eric Tangradi 24 (Nick Bonino 10) at 14:41
2. Sewer Rats , Steven Kampfer 1 (Jonathan Marchessault 16, Zach Boychuk 30) at 15:41 (PP)

Penalties :
Joel Edmundson (Tol) for Diving (Minor) at 8:22, Nick Bonino (Rep) for Hooking (Minor) at 15:05, Thomas Hickey (Rep) for Hooking (Minor) at 17:55

2nd period

3. Mulligans , Maxime Macenauer 12 (Drayson Bowman 11, Matt Niskanen 21) at 5:01
4. Sewer Rats , Jonathan Huberdeau 11 (Ryan Murphy 5, Martin Frk 10) at 11:02
5. Mulligans , Eric Tangradi 25 (Matt Niskanen 22, Jonathan Tremblay 15) at 11:14

Penalties :
Jonathan Tremblay (Rep) for Hooking (Minor) at 1:41, Mark Mancari (Tol) for Tripping (Minor) at 5:16, Mark Mancari (Tol) for Goalie Interference (Minor) at 11:27

3rd period

6. Mulligans , Anton Lander 12 (Logan Shaw 10) at 0:42

Penalties :
Jarred Tinordi (Tol) for Hooking (Minor) at 4:07

Goalie Stats

Marek Mazanek (Tol), 4 saves from 4 shots - (1.000), 19:18 minutes
Richard Bachman (Tol), 13 saves from 17 shots - (0.765), L, 9-9-0, 40:42 minutes
Anders Lindback (Rep), 26 saves from 28 shots - (0.929), W, 11-12-1, 60:00 minutes

Players Stats for Sewer Rats

Player Name              G  A  P  +/- PIM S  H  SB GA TA FO     MP     PP MP  PK MP  
------------------------------------------------------------------------------------
Connor Carrick           0  0  0   0  0   0  0  0  0  0  0/0     6:17   0:00   0:16 
Daniel Carr              0  0  0   0  0   1  3  0  1  0  0/0     9:18   0:00   0:53 
Dmitrij Jaskin           0  0  0   0  0   1  0  0  1  0  0/0     7:45   0:00   0:00 
Jared Boll               0  0  0  -1  0   5  5  0  0  0  0/0    14:39   2:01   0:00 
Jarred Tinordi           0  0  0  -1  2   0  0  1  0  1  0/0    18:22   1:32   2:46 
Joel Edmundson           0  0  0  -1  2   0  0  1  0  0  0/0    18:14   1:32   2:57 
John Ramage              0  0  0   0  0   0  0  0  0  0  0/0     9:32   0:00   0:00 
Jonathan Huberdeau       1  0  1   1  0   1  2  0  0  1  0/0    13:54   0:00   2:10 
Jonathan Marchessault    0  1  1  -1  0   1  0  0  1  0  4/8    14:39   2:01   0:00 
Jonathan Racine          0  0  0   0  0   0  1  0  1  0  0/0     5:37   0:00   0:00 
Kyle Turris              0  0  0  -3  0   3  2  0  2  0  8/30   19:24   2:33   1:40 
Mark Mancari             0  0  0  -3  4   2  1  0  2  0  1/1    20:35   2:33   2:26 
Martin Frk               0  1  1   1  0   1  1  0  0  0  0/1    11:05   0:00   0:00 
Matt Lashoff             0  0  0  -2  0   0  0  1  0  0  0/0    25:19   3:02   4:01 
Ryan Murphy              0  1  1   0  0   0  1  0  0  0  0/0    11:23   0:00   1:51 
Steven Kampfer           1  0  1  -2  0   4  2  2  1  0  0/0    25:19   3:02   4:01 
Ville Leino              0  0  0  -3  0   5  1  1  0  1  4/5    22:28   2:33   4:26 
Vincent Trocheck         0  0  0   1  0   1  0  1  1  0  1/5    13:39   0:00   2:10 
William Karlsson         0  0  0   0  0   2  1  0  0  0  0/0     8:12   0:00   0:27 
Zach Boychuk             0  1  1  -1  0   1  2  0  3  1  0/0    16:19   2:01   1:40 

Players Stats for Mulligans

Player Name              G  A  P  +/- PIM S  H  SB GA TA FO     MP     PP MP  PK MP  
------------------------------------------------------------------------------------
Anton Lander             1  0  1   1  0   2  1  0  0  1  10/14  19:36   4:02   2:49 
Ben Hutton               0  0  0   1  0   0  0  0  0  1  0/0    12:03   0:00   0:00 
Cade Fairchild           0  0  0   0  0   0  0  1  0  2  0/0    19:47   2:31   1:05 
Christoph Bertschy       0  0  0  -1  0   0  0  0  0  0  4/5     7:43   0:00   0:32 
Dalton Thrower           0  0  0   0  0   0  0  0  0  0  0/0     2:29   0:00   0:00 
Darren Dietz             0  0  0   1  0   0  0  0  0  0  0/0    12:39   0:00   0:36 
Drayson Bowman           0  1  1   1  0   1  1  0  0  0  0/1    10:18   0:00   0:00 
Eric Tangradi            2  0  2   2  0   4  1  1  0  0  1/1    22:20   3:50   1:02 
Jonathan Tremblay        0  1  1   2  2   0  0  0  0  0  0/0    23:14   3:50   1:44 
Joonas Donskoi           0  0  0   1  0   0  0  0  1  0  1/1    18:18   4:02   1:02 
Logan Shaw               0  1  1   0  0   1  3  0  0  3  1/1    14:15   0:04   0:00 
Matt Beleskey            0  0  0   1  0   1  0  0  1  0  0/0    16:18   4:02   0:00 
Matt Donovan             0  0  0   2  0   4  1  0  1  1  0/0    25:41   5:25   3:29 
Matt Niskanen            0  2  2   2  0   2  1  1  1  4  0/0    28:10   5:25   3:29 
Maxime Macenauer         1  0  1   1  0   1  0  0  0  0  1/6    11:20   0:00   1:02 
Nick Bonino              0  1  1   2  2   5  1  0  0  0  14/21  21:02   3:50   0:00 
Sven Baertschi           0  0  0  -1  0   0  2  0  0  0  0/0    10:59   0:08   0:57 
Thomas Hickey            0  0  0   0  2   0  1  3  0  1  0/0    19:11   2:31   0:29 

3 Stars

1 - Eric Tangradi (Rep)
2 - Matt Niskanen (Rep)
3 - Jonathan Huberdeau (Tol)

Power Play

Sewer Rats - 1 on 3 Attempt(s) - 33.33%
Mulligans - 0 on 4 Attempt(s) - 0.00%

Penalty Kill

Sewer Rats - 4 on 4 Attempt(s) - 100.00% - Score 0 goal in Penalty Kill
Mulligans - 2 on 3 Attempt(s) - 66.67% - Score 0 goal in Penalty Kill

Team Stat

Sewer Rats - Hits : 22 - Faceoff Wins : 18 - Blocked Shots : 7 - Penalty Minutes : 8
Mulligans - Hits : 12 - Faceoff Wins : 32 - Blocked Shots : 6 - Penalty Minutes : 6

Official

Referees : Fraser Kerry and Meier Brad
Linesman : Brian Mach and Jonny Murray

Game Notes

Marek Mazanek enters game at 0:42 of 3rd period

Finance

Level 1 -- Attendance: 1411 (70.55%) -- Ticket Income $35,275
Level 2 -- Attendance: 688 (68.80%) -- Ticket Income $8,256
Total Attendance: 2099 (69.97%)
Total Ticket Income: $43,531
Other Income: $2,177
Total Income: $45,708

Sewer Rats

5 vs 5 Forward 
   Center                   Left Wing                Right Wing               Time % Phy DF OF 
 1 Kyle Turris              Ville Leino              Mark Mancari             40     1   2  2  
 2 Jonathan Marchessault    Zach Boychuk             Jared Boll               30     1   2  2  
 3 Vincent Trocheck         Jonathan Huberdeau       Martin Frk               20     1   2  2  
 4 William Karlsson         Daniel Carr              Dmitrij Jaskin           10     1   2  2  

5 vs 5 Defense 
   Defense                  Defense                                           Time % Phy DF OF 
 1 Matt Lashoff             Steven Kampfer                                    40     1   2  2  
 2 Jarred Tinordi           Joel Edmundson                                    30     1   2  2  
 3 John Ramage              Ryan Murphy                                       20     1   2  2  
 4 Connor Carrick           Jonathan Racine                                   10     1   2  2  

PowerPlay Forward 
   Center                   Left Wing                Right Wing               Time % Phy DF OF 
 1 Kyle Turris              Ville Leino              Mark Mancari             60     1   2  2  
 2 Jonathan Marchessault    Zach Boychuk             Jared Boll               40     1   2  2  

PowerPlay Defense
   Defense                  Defense                                           Time % Phy DF OF 
 1 Matt Lashoff             Steven Kampfer                                    60     1   2  2  
 2 Jarred Tinordi           Joel Edmundson                                    40     1   2  2  

Penalty Kill 4 Players Forward 
   Center                   Wing                     Time % Phy DF OF 
 1 Ville Leino              Mark Mancari             60     1   2  2  
 2 Kyle Turris              Zach Boychuk             40     1   2  2  

Penalty Kill 4 Players Defense
   Defense                  Defense                  Time % Phy DF OF 
 1 Matt Lashoff             Steven Kampfer           60     1   2  2  
 2 Jarred Tinordi           Joel Edmundson           40     1   2  2  

Penalty Kill - 3 Players Forward 
   Forward                                           Time % Phy DF OF 
 1 Ville Leino                                       60     1   2  2  
 2 Mark Mancari                                      40     1   2  2  

Penalty Kill - 3 Players Defense
   Defense                  Defense                  Time % Phy DF OF 
 1 Matt Lashoff             Steven Kampfer           60     1   2  2  
 2 Jarred Tinordi           Joel Edmundson           40     1   2  2  

4 vs 4 Forward 
   Center                   Wing                     Time % Phy DF OF 
 1 Ville Leino              Mark Mancari             60     1   2  2  
 2 Kyle Turris              Zach Boychuk             40     1   2  2  

4 vs 4 Defense
   Defense                  Defense                  Time % Phy DF OF 
 1 Matt Lashoff             Steven Kampfer           60     1   2  2  
 2 Jarred Tinordi           Joel Edmundson           40     1   2  2  

Last Minutes Offensive
   Center                   Left Wing                Right Wing               Defense                  Defense                  
   Kyle Turris              Ville Leino              Mark Mancari             Matt Lashoff             Steven Kampfer           

Last Minutes Defensive
   Center                   Left Wing                Right Wing               Defense                  Defense                  
   Kyle Turris              Ville Leino              Mark Mancari             Matt Lashoff             Steven Kampfer           

Goaltenders
Starting : Richard Bachman          
Backup : Marek Mazanek            

Extra Forwards
Normal : Jonathan Huberdeau, Daniel Carr, Vincent Trocheck - PP : Jonathan Huberdeau, Daniel Carr - PK : Vincent Trocheck
Extra Defensemen
Normal : John Ramage, Ryan Murphy, Connor Carrick - PP : John Ramage - PK : Ryan Murphy, Connor Carrick
Penalty Shots
Ville Leino, Mark Mancari, Kyle Turris, Zach Boychuk, Jared Boll

Scratches
Nick Cousins (Healthy), Josh Archibald (Healthy), Xavier Ouellet (Lacerated Right Calf Injury), Joseph Blandisi (Healthy), Chris Calhan (Healthy)
Tom Sestito (Healthy), Sergei Kostenko (Healthy)

Mulligans

5 vs 5 Forward 
   Center                   Left Wing                Right Wing               Time % Phy DF OF 
 1 Nick Bonino              Eric Tangradi            Jonathan Tremblay        40     0   2  3  
 2 Anton Lander             Matt Beleskey            Logan Shaw               30     0   2  3  
 3 Maxime Macenauer         Drayson Bowman           Joonas Donskoi           20     0   2  3  
 4 Christoph Bertschy       Sven Baertschi           Joonas Donskoi           10     0   2  3  

5 vs 5 Defense 
   Defense                  Defense                                           Time % Phy DF OF 
 1 Matt Niskanen            Matt Donovan                                      40     0   3  2  
 2 Cade Fairchild           Thomas Hickey                                     30     0   3  2  
 3 Ben Hutton               Darren Dietz                                      20     0   3  2  
 4 Dalton Thrower           Matt Niskanen                                     10     0   3  2  

PowerPlay Forward 
   Center                   Left Wing                Right Wing               Time % Phy DF OF 
 1 Nick Bonino              Eric Tangradi            Jonathan Tremblay        60     0   1  4  
 2 Anton Lander             Matt Beleskey            Joonas Donskoi           40     0   1  4  

PowerPlay Defense
   Defense                  Defense                                           Time % Phy DF OF 
 1 Matt Niskanen            Matt Donovan                                      60     0   2  3  
 2 Cade Fairchild           Thomas Hickey                                     40     0   2  3  

Penalty Kill 4 Players Forward 
   Center                   Wing                     Time % Phy DF OF 
 1 Anton Lander             Jonathan Tremblay        60     1   2  2  
 2 Maxime Macenauer         Eric Tangradi            40     1   2  2  

Penalty Kill 4 Players Defense
   Defense                  Defense                  Time % Phy DF OF 
 1 Matt Niskanen            Matt Donovan             60     1   2  2  
 2 Thomas Hickey            Cade Fairchild           40     1   2  2  

Penalty Kill - 3 Players Forward 
   Forward                                           Time % Phy DF OF 
 1 Eric Tangradi                                     60     1   2  2  
 2 Jonathan Tremblay                                 40     1   2  2  

Penalty Kill - 3 Players Defense
   Defense                  Defense                  Time % Phy DF OF 
 1 Matt Niskanen            Matt Donovan             60     1   2  2  
 2 Darren Dietz             Thomas Hickey            40     1   2  2  

4 vs 4 Forward 
   Center                   Wing                     Time % Phy DF OF 
 1 Nick Bonino              Eric Tangradi            60     1   2  2  
 2 Anton Lander             Jonathan Tremblay        40     1   2  2  

4 vs 4 Defense
   Defense                  Defense                  Time % Phy DF OF 
 1 Matt Niskanen            Matt Donovan             60     1   2  2  
 2 Ben Hutton               Thomas Hickey            40     1   2  2  

Last Minutes Offensive
   Center                   Left Wing                Right Wing               Defense                  Defense                  
   Nick Bonino              Eric Tangradi            Jonathan Tremblay        Matt Niskanen            Thomas Hickey            

Last Minutes Defensive
   Center                   Left Wing                Right Wing               Defense                  Defense                  
   Anton Lander             Eric Tangradi            Jonathan Tremblay        Matt Niskanen            Matt Donovan             

Goaltenders
Starting : Anders Lindback          
Backup : Calvin Pickard           

Extra Forwards
Normal : Sven Baertschi, Logan Shaw, Joonas Donskoi - PP : Sven Baertschi, Logan Shaw - PK : Joonas Donskoi
Extra Defensemen
Normal : Ben Hutton, Darren Dietz, Dalton Thrower - PP : Ben Hutton - PK : Darren Dietz, Dalton Thrower
Penalty Shots
Eric Tangradi, Jonathan Tremblay, Anton Lander, Maxime Macenauer, Matt Beleskey

Scratches
Reid Boucher (Healthy), Nick Shore (Healthy), Mario Lucia (Healthy), Adam Lowry (Healthy), Benn Ferriero (Sprained Left Knee Injury)
Derek Dorsett (Healthy), Marek Langhamer (Healthy)

% Time on Ice - Sewer Rats

Lines # - Real PCT - Wanted PCT - Time Play
Normal Forward
1 - 34% - 40% - 16:02
2 - 27% - 30% - 12:38
3 - 23% - 20% - 11:05
4 - 16% - 10% - 7:45
Normal Defense
1 - 38% - 40% - 18:16
2 - 30% - 30% - 14:05
3 - 20% - 20% - 9:32
4 - 12% - 10% - 5:37
PP Forward
1 - 56% - 60% - 2:33
2 - 44% - 40% - 2:01
PP Defense
1 - 66% - 60% - 3:02
2 - 34% - 40% - 1:32
PK Forward
1 - 79% - 60% - 6:16
2 - 21% - 40% - 1:40
PK Defense
1 - 51% - 60% - 4:01
2 - 49% - 40% - 3:55
PK3 Forward
1 - 0% - 60%
2 - 0% - 40%
PK3 Defense
1 - 0% - 60%
2 - 0% - 40%
44 Forward
1 - 0% - 60%
2 - 0% - 40%
44 Defense
1 - 0% - 60%
2 - 0% - 40%
Last Minute Offensive  - 0:00
Last Minute Defensive  - 0:00
Total
Forward - 60:00
Defense - 60:00

% Time on Ice - Mulligans

Lines # - Real PCT - Wanted PCT - Time Play
Normal Forward
1 - 37% - 40% - 17:33
2 - 28% - 30% - 13:16
3 - 22% - 20% - 10:18
4 - 13% - 10% - 6:23
Normal Defense
1 - 35% - 40% - 16:47
2 - 34% - 30% - 16:11
3 - 25% - 20% - 12:03
4 - 5% - 10% - 2:29
PP Forward
1 - 49% - 60% - 3:54
2 - 51% - 40% - 4:02
PP Defense
1 - 68% - 60% - 5:25
2 - 32% - 40% - 2:31
PK Forward
1 - 77% - 60% - 3:32
2 - 23% - 40% - 1:02
PK Defense
1 - 76% - 60% - 3:29
2 - 24% - 40% - 1:05
PK3 Forward
1 - 0% - 60%
2 - 0% - 40%
PK3 Defense
1 - 0% - 60%
2 - 0% - 40%
44 Forward
1 - 0% - 60%
2 - 0% - 40%
44 Defense
1 - 0% - 60%
2 - 0% - 40%
Last Minute Offensive  - 0:00
Last Minute Defensive  - 0:00
Total
Forward - 60:00
Defense - 60:00

Play by Play

1st period


0:01 of 1st period - Kyle Turris wins face-off versus Nick Bonino in neutral zone.
0:10 of 1st period - Slapshot by Ville Leino.
0:10 of 1st period - Stopped by Anders Lindback with a rebound.
0:12 of 1st period - Wrist shot by Kyle Turris.
0:12 of 1st period - Stopped by Anders Lindback without a rebound.
0:13 of 1st period - Jonathan Marchessault wins face-off versus Anton Lander in Mulligans zone.
1:36 of 1st period - Anton Lander is hit by Jared Boll and loses puck.
2:41 of 1st period - Nick Bonino is hit by Jonathan Racine and loses puck.
4:03 of 1st period - Snap shot by Jonathan Huberdeau.
4:03 of 1st period - Shot Misses the Net.
4:19 of 1st period - Snap shot by Jared Boll.
4:19 of 1st period - Stopped by Anders Lindback without a rebound.
4:20 of 1st period - Christoph Bertschy wins face-off versus Jonathan Marchessault in Mulligans zone.
4:48 of 1st period - Wrist shot by Jared Boll.
4:48 of 1st period - Stopped by Anders Lindback with a rebound.
4:50 of 1st period - Snap shot by Ryan Murphy.
4:50 of 1st period - Deflect By Zach Boychuk.
4:50 of 1st period - Shot Blocked by Thomas Hickey.
4:50 of 1st period - Puck is out of play.
4:51 of 1st period - Nick Bonino wins face-off versus Kyle Turris in Mulligans zone.
5:43 of 1st period - Snap shot by Drayson Bowman.
5:43 of 1st period - Stopped by Richard Bachman with a rebound.
5:59 of 1st period - Matt Donovan is hit by Jared Boll and loses puck.
8:04 of 1st period - Eric Tangradi is hit by Steven Kampfer and loses puck.
8:22 of 1st period - Minor Penalty to Joel Edmundson for Diving.
8:23 of 1st period - Nick Bonino wins face-off versus Ville Leino in Sewer Rats zone.
8:50 of 1st period - Ville Leino is hit by Anton Lander and loses puck.
9:30 of 1st period - Slapshot by Matt Beleskey.
9:30 of 1st period - Shot Misses the Net.
9:44 of 1st period - Slapshot by Matt Donovan.
9:44 of 1st period - Deflect By Steven Kampfer.
9:44 of 1st period - Stopped by Richard Bachman with a rebound.
9:56 of 1st period - Snap shot by Anton Lander.
9:56 of 1st period - Stopped by Richard Bachman with a rebound.
10:18 of 1st period - Snap shot by Eric Tangradi.
10:18 of 1st period - Shot Misses the Net.
10:20 of 1st period - Slapshot by Matt Niskanen.
10:20 of 1st period - Shot Blocked by Jarred Tinordi.
10:22 of 1st period - Penalty to Joel Edmundson is over, Joel Edmundson is back on ice.
10:22 of 1st period - Snap shot by Eric Tangradi.
10:22 of 1st period - Stopped by Richard Bachman with a rebound.
10:36 of 1st period - Snap shot by Dmitrij Jaskin.
10:36 of 1st period - Shot Misses the Net.
10:42 of 1st period - Slapshot by Daniel Carr.
10:42 of 1st period - Shot Blocked by Eric Tangradi.
10:52 of 1st period - Ryan Murphy is hit by Sven Baertschi and loses puck.
11:02 of 1st period - Off-side.
11:03 of 1st period - Jonathan Marchessault wins face-off versus Maxime Macenauer in neutral zone.
11:06 of 1st period - Snap shot by Steven Kampfer.
11:06 of 1st period - Stopped by Anders Lindback without a rebound.
11:07 of 1st period - Jonathan Marchessault wins face-off versus Maxime Macenauer in Mulligans zone.
11:16 of 1st period - Wrist shot by Zach Boychuk.
11:16 of 1st period - Shot Blocked by Thomas Hickey.
11:48 of 1st period - Snap shot by Jared Boll.
11:48 of 1st period - Shot Misses the Net.
11:54 of 1st period - Snap shot by Jared Boll.
11:54 of 1st period - Shot Misses the Net.
11:56 of 1st period - Wrist shot by Jared Boll.
11:56 of 1st period - Stopped by Anders Lindback with a rebound.
11:58 of 1st period - Wrist shot by Zach Boychuk.
11:58 of 1st period - Shot Misses the Net.
12:10 of 1st period - Snap shot by Zach Boychuk.
12:10 of 1st period - Shot Blocked by Cade Fairchild.
12:12 of 1st period - Wrist shot by Zach Boychuk.
12:12 of 1st period - Deflect By Jared Boll.
12:12 of 1st period - Stopped by Anders Lindback with a rebound.
12:32 of 1st period - Snap shot by Zach Boychuk.
12:32 of 1st period - Stopped by Anders Lindback without a rebound.
12:33 of 1st period - Anton Lander wins face-off versus Kyle Turris in Mulligans zone.
12:35 of 1st period - Icing by Matt Beleskey.
12:36 of 1st period - Anton Lander wins face-off versus Kyle Turris in Mulligans zone.
13:06 of 1st period - Off-side.
13:07 of 1st period - Anton Lander wins face-off versus Martin Frk in neutral zone.
13:12 of 1st period - Snap shot by Logan Shaw.
13:12 of 1st period - Stopped by Richard Bachman with a rebound.
13:18 of 1st period - Wrist shot by Matt Beleskey.
13:18 of 1st period - Stopped by Richard Bachman with a rebound.
13:24 of 1st period - Matt Niskanen is hit by Martin Frk and loses puck.
14:07 of 1st period - Anton Lander is hit by Ryan Murphy and loses puck.
14:18 of 1st period - Slapshot by Vincent Trocheck.
14:18 of 1st period - Stopped by Anders Lindback without a rebound.
14:19 of 1st period - Nick Bonino wins face-off versus Kyle Turris in Mulligans zone.
14:19 of 1st period - Nick Bonino is hit by Steven Kampfer.
14:27 of 1st period - Wrist shot by Eric Tangradi.
14:27 of 1st period - Stopped by Richard Bachman without a rebound.
14:28 of 1st period - Nick Bonino wins face-off versus Kyle Turris in Sewer Rats zone.
14:41 of 1st period - Snap shot by Eric Tangradi.
14:41 of 1st period - Goal by Eric Tangradi - Sewer Rats : 0 - Mulligans : 1.
14:42 of 1st period - Nick Bonino wins face-off versus Kyle Turris in neutral zone.
15:05 of 1st period - Minor Penalty to Nick Bonino for Hooking.
15:06 of 1st period - Anton Lander wins face-off versus Kyle Turris in Mulligans zone.
15:15 of 1st period - Slapshot by Steven Kampfer.
15:15 of 1st period - Shot Misses the Net.
15:39 of 1st period - Wrist shot by Jonathan Marchessault.
15:39 of 1st period - Shot Blocked by Matt Niskanen.
15:41 of 1st period - Slapshot by Steven Kampfer.
15:41 of 1st period - Deflect By Matt Donovan.
15:41 of 1st period - Goal by Steven Kampfer - Sewer Rats : 1 - Mulligans : 1.
15:42 of 1st period - Ville Leino wins face-off versus Maxime Macenauer in neutral zone.
15:47 of 1st period - Wrist shot by Mark Mancari.
15:47 of 1st period - Shot Misses the Net.
16:07 of 1st period - Nick Bonino is hit by Zach Boychuk and loses puck.
16:14 of 1st period - Matt Lashoff is hit by Eric Tangradi and loses puck.
16:27 of 1st period - Wrist shot by Logan Shaw.
16:27 of 1st period - Shot Misses the Net.
16:29 of 1st period - Slapshot by Anton Lander.
16:29 of 1st period - Shot Misses the Net.
17:40 of 1st period - Cade Fairchild is hit by William Karlsson and loses puck.
17:47 of 1st period - Wrist shot by Dmitrij Jaskin.
17:47 of 1st period - Stopped by Anders Lindback with a rebound.
17:55 of 1st period - Minor Penalty to Thomas Hickey for Hooking.
17:56 of 1st period - Mark Mancari wins face-off versus Anton Lander in Mulligans zone.
18:29 of 1st period - Snap shot by Jared Boll.
18:29 of 1st period - Shot Misses the Net.
18:31 of 1st period - Snap shot by Zach Boychuk.
18:31 of 1st period - Shot Misses the Net.
19:13 of 1st period - Darren Dietz is hit by Kyle Turris and loses puck.
19:21 of 1st period - Icing by Matt Lashoff.
19:22 of 1st period - Anton Lander wins face-off versus Kyle Turris in Sewer Rats zone.
19:33 of 1st period - Matt Donovan is hit by Jared Boll and loses puck.
19:55 of 1st period - Penalty to Thomas Hickey is over, Thomas Hickey is back on ice.
Goals for this period are 1 for Sewer Rats vs 1 for Mulligans.
Shots for this period are 11 for Sewer Rats vs 8 for Mulligans.

2nd period


0:01 of 2nd period - Nick Bonino wins face-off versus Kyle Turris in neutral zone.
0:26 of 2nd period - Zach Boychuk is hit by Matt Niskanen and loses puck.
0:44 of 2nd period - Icing by Matt Donovan.
0:45 of 2nd period - Logan Shaw wins face-off versus Vincent Trocheck in Mulligans zone.
1:17 of 2nd period - Slapshot by Ville Leino.
1:17 of 2nd period - Stopped by Anders Lindback with a rebound.
1:19 of 2nd period - Snap shot by Mark Mancari.
1:19 of 2nd period - Stopped by Anders Lindback without a rebound.
1:20 of 2nd period - Kyle Turris wins face-off versus Nick Bonino in Mulligans zone.
1:35 of 2nd period - Wrist shot by Ville Leino.
1:35 of 2nd period - Stopped by Anders Lindback with a rebound.
1:41 of 2nd period - Minor Penalty to Jonathan Tremblay for Hooking.
1:42 of 2nd period - Anton Lander wins face-off versus Kyle Turris in Mulligans zone.
1:51 of 2nd period - Snap shot by Mark Mancari.
1:51 of 2nd period - Shot Misses the Net.
2:44 of 2nd period - Snap shot by Kyle Turris.
2:44 of 2nd period - Stopped by Anders Lindback without a rebound.
2:45 of 2nd period - Anton Lander wins face-off versus Jonathan Marchessault in Mulligans zone.
3:41 of 2nd period - Penalty to Jonathan Tremblay is over, Jonathan Tremblay is back on ice.
4:09 of 2nd period - Slapshot by Matt Lashoff.
4:09 of 2nd period - Shot Misses the Net.
4:11 of 2nd period - Slapshot by Steven Kampfer.
4:11 of 2nd period - Stopped by Anders Lindback with a rebound.
4:13 of 2nd period - Slapshot by Steven Kampfer.
4:13 of 2nd period - Stopped by Anders Lindback without a rebound.
4:14 of 2nd period - Nick Bonino wins face-off versus Vincent Trocheck in Mulligans zone.
4:46 of 2nd period - Snap shot by Daniel Carr.
4:46 of 2nd period - Stopped by Anders Lindback without a rebound.
4:47 of 2nd period - Maxime Macenauer wins face-off versus Kyle Turris in Mulligans zone.
4:47 of 2nd period - Maxime Macenauer is hit by Kyle Turris.
5:01 of 2nd period - Wrist shot by Maxime Macenauer.
5:01 of 2nd period - Goal by Maxime Macenauer - Sewer Rats : 1 - Mulligans : 2.
5:02 of 2nd period - Kyle Turris wins face-off versus Nick Bonino in neutral zone.
5:05 of 2nd period - Snap shot by Ville Leino.
5:05 of 2nd period - Shot Misses the Net.
5:08 of 2nd period - Icing by Matt Niskanen.
5:09 of 2nd period - Nick Bonino wins face-off versus Kyle Turris in Mulligans zone.
5:09 of 2nd period - Nick Bonino is hit by Mark Mancari.
5:16 of 2nd period - Minor Penalty to Mark Mancari for Tripping.
5:17 of 2nd period - Ville Leino wins face-off versus Nick Bonino in Sewer Rats zone.
5:55 of 2nd period - Snap shot by Matt Donovan.
5:55 of 2nd period - Shot Blocked by Joel Edmundson.
7:16 of 2nd period - Penalty to Mark Mancari is over, Mark Mancari is back on ice.
8:23 of 2nd period - Darren Dietz is hit by Jared Boll and loses puck.
8:35 of 2nd period - Off-side.
8:36 of 2nd period - Christoph Bertschy wins face-off versus Kyle Turris in neutral zone.
8:39 of 2nd period - Matt Lashoff is hit by Logan Shaw and loses puck.
10:19 of 2nd period - Maxime Macenauer is hit by Jared Boll and loses puck.
10:58 of 2nd period - Wrist shot by Martin Frk.
10:58 of 2nd period - Shot Misses the Net.
11:00 of 2nd period - Slapshot by Ryan Murphy.
11:00 of 2nd period - Shot Blocked by Thomas Hickey.
11:02 of 2nd period - Snap shot by Jonathan Huberdeau.
11:02 of 2nd period - Goal by Jonathan Huberdeau - Sewer Rats : 2 - Mulligans : 2.
11:03 of 2nd period - Nick Bonino wins face-off versus Kyle Turris in neutral zone.
11:06 of 2nd period - Wrist shot by Jonathan Tremblay.
11:06 of 2nd period - Shot Misses the Net.
11:08 of 2nd period - Wrist shot by Jonathan Tremblay.
11:08 of 2nd period - Shot Blocked by Steven Kampfer.
11:10 of 2nd period - Slapshot by Matt Niskanen.
11:10 of 2nd period - Shot Blocked by Ville Leino.
11:12 of 2nd period - Backhand shot by Matt Niskanen.
11:12 of 2nd period - Shot Blocked by Matt Lashoff.
11:14 of 2nd period - Wrist shot by Eric Tangradi.
11:14 of 2nd period - Goal by Eric Tangradi - Sewer Rats : 2 - Mulligans : 3.
11:15 of 2nd period - Nick Bonino wins face-off versus Kyle Turris in neutral zone.
11:20 of 2nd period - Snap shot by Matt Donovan.
11:20 of 2nd period - Stopped by Richard Bachman with a rebound.
11:22 of 2nd period - Slapshot by Matt Niskanen.
11:22 of 2nd period - Stopped by Richard Bachman without a rebound.
11:23 of 2nd period - Nick Bonino wins face-off versus Kyle Turris in Sewer Rats zone.
11:27 of 2nd period - Minor Penalty to Mark Mancari for Goalie Interference.
11:28 of 2nd period - Ville Leino wins face-off versus Nick Bonino in Sewer Rats zone.
13:27 of 2nd period - Penalty to Mark Mancari is over, Mark Mancari is back on ice.
13:40 of 2nd period - Jarred Tinordi is hit by Thomas Hickey and loses puck.
14:11 of 2nd period - Snap shot by William Karlsson.
14:11 of 2nd period - Stopped by Anders Lindback with a rebound.
17:10 of 2nd period - Christoph Bertschy is hit by Daniel Carr and loses puck.
18:32 of 2nd period - Darren Dietz is hit by Jonathan Huberdeau and loses puck.
18:59 of 2nd period - Jonathan Marchessault is hit by Drayson Bowman and loses puck.
19:12 of 2nd period - Thomas Hickey is hit by Daniel Carr and loses puck.
19:40 of 2nd period - Icing by Jarred Tinordi.
19:41 of 2nd period - Christoph Bertschy wins face-off versus Vincent Trocheck in Sewer Rats zone.
Goals for this period are 1 for Sewer Rats vs 2 for Mulligans.
Shots for this period are 9 for Sewer Rats vs 4 for Mulligans.

3rd period


0:01 of 3rd period - Nick Bonino wins face-off versus Kyle Turris in neutral zone.
0:06 of 3rd period - Snap shot by Nick Bonino.
0:06 of 3rd period - Stopped by Richard Bachman with a rebound.
0:08 of 3rd period - Slapshot by Matt Donovan.
0:08 of 3rd period - Stopped by Richard Bachman without a rebound.
0:09 of 3rd period - Nick Bonino wins face-off versus Kyle Turris in Sewer Rats zone.
0:32 of 3rd period - Snap shot by Nick Bonino.
0:32 of 3rd period - Stopped by Richard Bachman with a rebound.
0:34 of 3rd period - Backhand shot by Nick Bonino.
0:34 of 3rd period - Shot Misses the Net.
0:36 of 3rd period - Wrist shot by Jonathan Tremblay.
0:36 of 3rd period - Shot Misses the Net.
0:38 of 3rd period - Wrist shot by Nick Bonino.
0:38 of 3rd period - Stopped by Richard Bachman without a rebound.
0:39 of 3rd period - Anton Lander wins face-off versus Jonathan Marchessault in Sewer Rats zone.
0:42 of 3rd period - Wrist shot by Anton Lander.
0:42 of 3rd period - Goal by Anton Lander - Sewer Rats : 2 - Mulligans : 4.
0:42 of 3rd period - Marek Mazanek enters game.
0:43 of 3rd period - Kyle Turris wins face-off versus Nick Bonino in neutral zone.
0:48 of 3rd period - Kyle Turris is hit by Nick Bonino and loses puck.
0:58 of 3rd period - Off-side.
0:59 of 3rd period - Anton Lander wins face-off versus Jonathan Marchessault in neutral zone.
1:02 of 3rd period - Snap shot by Matt Beleskey.
1:02 of 3rd period - Shot Misses the Net.
1:04 of 3rd period - Wrist shot by Matt Niskanen.
1:04 of 3rd period - Shot Blocked by Steven Kampfer.
1:06 of 3rd period - Slapshot by Matt Donovan.
1:06 of 3rd period - Stopped by Marek Mazanek with a rebound.
1:08 of 3rd period - Snap shot by Anton Lander.
1:08 of 3rd period - Shot Misses the Net.
1:33 of 3rd period - Slapshot by Kyle Turris.
1:33 of 3rd period - Shot Misses the Net.
1:35 of 3rd period - Slapshot by Mark Mancari.
1:35 of 3rd period - Shot Misses the Net.
1:52 of 3rd period - Off-side.
1:53 of 3rd period - Kyle Turris wins face-off versus Anton Lander in neutral zone.
2:43 of 3rd period - Snap shot by Nick Bonino.
2:43 of 3rd period - Stopped by Marek Mazanek with a rebound.
2:45 of 3rd period - Backhand shot by Cade Fairchild.
2:45 of 3rd period - Shot Blocked by Vincent Trocheck.
3:11 of 3rd period - Slapshot by Matt Niskanen.
3:11 of 3rd period - Stopped by Marek Mazanek with a rebound.
3:48 of 3rd period - Snap shot by Jared Boll.
3:48 of 3rd period - Stopped by Anders Lindback without a rebound.
3:49 of 3rd period - Joonas Donskoi wins face-off versus Kyle Turris in Mulligans zone.
3:56 of 3rd period - Wrist shot by Ville Leino.
3:56 of 3rd period - Stopped by Anders Lindback without a rebound.
3:57 of 3rd period - Nick Bonino wins face-off versus Kyle Turris in Mulligans zone.
3:57 of 3rd period - Eric Tangradi is hit by Ville Leino and loses puck.
4:07 of 3rd period - Minor Penalty to Jarred Tinordi for Hooking.
4:08 of 3rd period - Ville Leino wins face-off versus Nick Bonino in Sewer Rats zone.
4:54 of 3rd period - Snap shot by Zach Boychuk.
4:54 of 3rd period - Shot Misses the Net.
6:07 of 3rd period - Penalty to Jarred Tinordi is over, Jarred Tinordi is back on ice.
6:43 of 3rd period - Slapshot by William Karlsson.
6:43 of 3rd period - Stopped by Anders Lindback with a rebound.
7:18 of 3rd period - Jonathan Huberdeau is hit by Logan Shaw and loses puck.
8:29 of 3rd period - Matt Niskanen is hit by Zach Boychuk and loses puck.
8:39 of 3rd period - Icing by Zach Boychuk.
8:40 of 3rd period - Jonathan Marchessault wins face-off versus Christoph Bertschy in Sewer Rats zone.
9:22 of 3rd period - Eric Tangradi is hit by Daniel Carr and loses puck.
10:25 of 3rd period - Vincent Trocheck is hit by Matt Donovan and loses puck.
10:59 of 3rd period - Wrist shot by Mark Mancari.
10:59 of 3rd period - Stopped by Anders Lindback without a rebound.
11:00 of 3rd period - Kyle Turris wins face-off versus Drayson Bowman in Mulligans zone.
11:49 of 3rd period - Wrist shot by Jonathan Tremblay.
11:49 of 3rd period - Deflect By Eric Tangradi.
11:49 of 3rd period - Shot Misses the Net.
11:49 of 3rd period - Puck is out of play.
11:50 of 3rd period - Eric Tangradi wins face-off versus Kyle Turris in Sewer Rats zone.
13:31 of 3rd period - Slapshot by Vincent Trocheck.
13:31 of 3rd period - Shot Misses the Net.
13:33 of 3rd period - Slapshot by Martin Frk.
13:33 of 3rd period - Stopped by Anders Lindback without a rebound.
13:34 of 3rd period - Anton Lander wins face-off versus Kyle Turris in Mulligans zone.
14:50 of 3rd period - Slapshot by Ville Leino.
14:50 of 3rd period - Deflect By Jonathan Marchessault.
14:50 of 3rd period - Stopped by Anders Lindback with a rebound.
15:11 of 3rd period - Steven Kampfer is hit by Logan Shaw and loses puck.
15:24 of 3rd period - Snap shot by Nick Bonino.
15:24 of 3rd period - Stopped by Marek Mazanek with a rebound.
16:14 of 3rd period - Dmitrij Jaskin is hit by Sven Baertschi and loses puck.
17:44 of 3rd period - Off-side.
17:45 of 3rd period - Christoph Bertschy wins face-off versus Vincent Trocheck in neutral zone.
17:58 of 3rd period - Wrist shot by Kyle Turris.
17:58 of 3rd period - Stopped by Anders Lindback without a rebound.
17:59 of 3rd period - Kyle Turris wins face-off versus Anton Lander in Mulligans zone.
18:12 of 3rd period - Wrist shot by Kyle Turris.
18:12 of 3rd period - Shot Misses the Net.
19:04 of 3rd period - Wrist shot by Mark Mancari.
19:04 of 3rd period - Deflect By Ville Leino.
19:04 of 3rd period - Stopped by Anders Lindback without a rebound.
19:05 of 3rd period - Vincent Trocheck wins face-off versus Maxime Macenauer in Mulligans zone.
19:08 of 3rd period - Wrist shot by Martin Frk.
19:08 of 3rd period - Shot Hit the Post.
19:15 of 3rd period - Off-side.
19:16 of 3rd period - Kyle Turris wins face-off versus Maxime Macenauer in neutral zone.
19:33 of 3rd period - Nick Bonino is hit by Jonathan Huberdeau and loses puck.
Goals for this period are 0 for Sewer Rats vs 1 for Mulligans.
Shots for this period are 8 for Sewer Rats vs 9 for Mulligans.